 Dungeon Crawl Stone Soup version 0.23-a0-458-g93a6ea9 (webtiles) character file.

451 inmateoo the Poker (level 7, -1/61 HPs)
             Began as a Hill Orc Fighter on Nov 25, 2018.
             Was an Initiate of Okawaru.
             Slain by Sigmund
             ... wielding a +0 scythe
              (9 damage)
             ... on level 4 of the Dungeon.
             The game lasted 00:05:06 (4489 turns).

inmateoo the Poker (Hill Orc Fighter)               Turns: 4489, Time: 00:05:06

Health: -1/61      AC:  9    Str: 24    XL:     7   Next: 4%
Magic:  7/7        EV:  7    Int: 12    God:    Okawaru [......]
Gold:   167        SH:  9    Dex: 10    Spells: 6/6 levels left

rFire    . . .     SeeInvis .   a - +0 trident
rCold    . . .     Gourm    .   c - +0 shield
rNeg     . . .     Faith    .   b - +0 scale mail
rPois    .         Spirit   .   e - +0 helmet
rElec    .         Reflect  .   d - +0 cloak
rCorr    .         Harm     .   (no gloves)
MR       .....                  (no boots)
Stlth    ..........             (no amulet)
HPRegen  0.20/turn              i - +3 ring of strength
MPRegen  0.10/turn              p - +4 ring of intelligence

@: lethally poisoned (-1 -> -3), drained
A: no striking features
a: Renounce Religion


You were on level 4 of the Dungeon.
You worshipped Okawaru.
Okawaru was noncommittal.
You were not hungry.

You visited 1 branch of the dungeon, and saw 6 of its levels.

You collected 167 gold pieces.

Inventory:

Hand Weapons
 a - a +0 trident (weapon)
Armour
 b - a +0 scale mail (worn)
 c - a +0 shield (worn)
 d - a +0 cloak (worn)
 e - a +0 helmet (worn)
Jewellery
 i - a +3 ring of strength (left hand)
 n - a +4 ring of dexterity {unknown}
 p - a +4 ring of intelligence (right hand)
 q - an uncursed ring of ice
Scrolls
 g - 2 scrolls of teleportation
 h - a scroll of enchant armour {unknown}
 s - a scroll of magic mapping
Potions
 j - a potion of flight {unknown}
 k - a potion of berserk rage {unknown}
 l - a potion of cancellation
 m - a potion of resistance
 o - a potion of ambrosia
 r - a potion of curing {unknown}
 t - a potion of degeneration {unknown}
 u - a potion of agility {unknown}
Comestibles
 f - 7 rations


   Skills:
 + Level 5.2(4.3) Fighting
 * Level 5.3(4.4) Polearms
 + Level 4.7(3.8) Armour
 + Level 4.8(3.9) Shields


You had 6 spell levels left.
You didn't know any spells.
Your spell library contained the following spells:

 Spells                   Type           Power        Failure   Level  Hunger
 Beastly Appendage        Tmut           #.....       97%         1    ##.....
 Sticks to Snakes         Tmut           #.......     99%         2    ###....
 Spider Form              Tmut/Pois      #.........   100%        3    ####...
 Ice Form                 Ice/Tmut       #.......     100%        4    #####..
 Blade Hands              Tmut           #.........   100%        5    ######.


Dungeon Overview and Level Annotations

Branches:
Dungeon (6/15)
 Temple: D:4-7

Altars:
Ashenzari
Okawaru
Zin

Annotations:
D:4 Sigmund
D:5 2 transporters


Message History

The worker ant bites you.
* * * LOW HITPOINT WARNING * * *
You are more poisoned.
The worker ant poisons you!
Sigmund shouts!
Sigmund hits you but does no damage.
You hit Sigmund but do no damage.
You feel sick. The worker ant bites you.
* * * LOW HITPOINT WARNING * * *
Sigmund hits you but does no damage.
You can't go up here!
Unknown command.
You feel much better.
You feel sick. You block the worker ant's attack. x2
Sigmund casts a spell at you. The magic dart hits you!
* * * LOW HITPOINT WARNING * * *
You feel sick. Sigmund completely misses you.
You feel sick.
Sigmund hits you from afar with a +0 scythe!
You die...

#.##.......###.#.....#
#.##.#.....>...#######
#.##.#..#.####.#
#.......(.# #.#
####.....#####.###
#.....# #.<.s.#
#.....# #..@..#
#.....# #....a#
#.....# #....@#
#.....# #.....#
###.### #######


You could see Sigmund, a scorpion and a worker ant.

Vanquished Creatures
  A scorpion (D:3)
  2 wights
  A crimson imp (D:6)
  Crazy Yiuf (D:2)
  3 worker ants
  Robin (D:3)
  A worker ant zombie (D:3)
  6 adders
  An ooze (D:3)
  3 worms
  2 dart slugs (D:1)
  4 leopard geckos
  2 orcs
  5 bats
  5 giant cockroaches
  16 goblins
  11 hobgoblins
  2 quokkas
  2 ball pythons (D:3)
  4 frilled lizards
  11 kobolds
  7 rats
91 creatures vanquished.

Notes
Turn   | Place    | Note
-------+----------+-------------------------------------------
     0 | D:1      | inmateoo the Hill Orc Fighter began the quest for the Orb.
     0 | D:1      | Reached XP level 1. HP: 19/19 MP: 1/1
   180 | D:1      | Reached XP level 2. HP: 25/27 MP: 2/2
   438 | D:1      | Reached XP level 3. HP: 33/33 MP: 3/3
  1009 | D:2      | Found a runed door.
  1146 | D:2      | Found a glowing silver altar of Zin.
  1194 | D:2      | Reached XP level 4. HP: 33/40 MP: 4/4
  1419 | D:2      | Found a shattered altar of Ashenzari.
  1605 | D:2      | Noticed Crazy Yiuf
  1612 | D:2      | Killed Crazy Yiuf
  1919 | D:3      | Reached XP level 5. HP: 41/47 MP: 5/5
  2078 | D:3      | Found an iron altar of Okawaru.
  2093 | D:3      | Became a worshipper of Warmaster Okawaru
  2290 | D:3      | Noticed Robin
  2326 | D:3      | Killed Robin
  2538 | D:3      | Reached XP level 6. HP: 55/55 MP: 6/6
  2728 | D:3      | Found a faded altar of an unknown god.
  3463 | D:4      | Noticed Sigmund
  3499 | D:5      | Entered Level 5 of the Dungeon
  3960 | D:5      | HP: 1/55 [wight/cursed +0 halberd (8)]
  3961 | D:5      | Reached skill level 5 in Fighting
  3961 | D:5      | Reached skill level 5 in Polearms
  4399 | D:6      | Reached XP level 7. HP: 61/61 MP: 7/7
  4443 | D:5      | Found a transporter.
  4445 | D:5      | Found a transporter.
  4449 | D:5      | Noticed a wraith
  4489 | D:4      | Slain by Sigmund

Vault maps used:
D:1:      lemuel_arrival_rhombus
D:2:      lemuel_coloured_pillars_altar, nicolae_overflow_crystal_walls,
          uniq_crazy_yiuf_cottage
D:3:      chequers_ecumenical_altar_simple, corner_web_ring, okawaru_gym_becter,
          uniq_robin
D:4:      kennysheep_mini, minmay_temple_entry_tees, uniq_sigmund
D:5:      gammafunk_temple_of_torment, first_ration, zaba_anthole
D:6:      serial_corexii_hall, chequers_hall_statues_corner_a,
          corexii_hall_statues_l

Skill      XL: |  1  2  3  4  5  6 |
---------------+-------------------+-----
Polearms       | 3 4 5 |  5.3
Fighting       | 4 5 |  5.2
Armour         | 4 |  4.7
Shields        | 4 |  4.8

Action                   |  1- 3 |  4- 6 |  7- 9 || total
-------------------------+-------+-------+-------++-------
Melee: Trident           |   125 |   256 |    10 ||   391
  Use: Potion            |       |     2 |     2 ||     4
       Scroll            |       |     6 |       ||     6
  Eat: Chunk             |     1 |     7 |       ||     8
       Ration            |       |     1 |       ||     1
Armor: Scale mail        |    35 |    73 |    14 ||   122
Dodge: Dodged            |    22 |    60 |     4 ||    86
Block: Shield            |    36 |   102 |    19 ||   157

Table legend:
 A = Non-vault XP
 B = Vault XP
 C = Vault XP percentage of total XP
 D = Non-vault monster count
 E = Vault monster count
 F = Vault count percentage of total count
                 A         B        C        D         E       F
            +---------+---------+-------+---------+---------+-------
      Total |     566 |      79 |  12.2 |      77 |      14 |  15.4
            +---------+---------+-------+---------+---------+-------
        D:1 |      51 |       0 |   0.0 |      29 |       0 |   0.0
        D:2 |      56 |      42 |  42.9 |      15 |       1 |   6.2
        D:3 |     143 |      37 |  20.6 |      17 |      13 |  43.3
        D:4 |      90 |       0 |   0.0 |       7 |       0 |   0.0
        D:5 |     101 |       0 |   0.0 |       4 |       0 |   0.0
        D:6 |     125 |       0 |   0.0 |       5 |       0 |   0.0
            +---------+---------+-------+---------+---------+-------
